 Dungeon Crawl Stone Soup version 0.27.0-1-g7a089689b8 (webtiles) character file.

Game seed: 5197816873392576328

29 horus123 the Firebug (level 3, -2/19 HPs)
             Began as a Deep Elf Fire Elementalist on Aug 9, 2021.
             Slain by an adder (3 damage)
             ... on level 2 of the Dungeon.
             The game lasted 00:02:53 (1231 turns).

horus123 the Firebug (Deep Elf Fire Elementalist)   Turns: 1231, Time: 00:02:54

Health: -2/19      AC:  2    Str:  5    XL:     3   Next: 1%
Magic:  2/10       EV: 13    Int: 20    God:
Gold:   96         SH:  0    Dex: 15    Spells: 4/9 levels left

rFire    . . .     SeeInvis .   b - +0 short sword (holy)
rCold    . . .     Faith    .   (no shield)
rNeg     . . .     Spirit   .   a - +0 robe
rPois    .         Reflect  .   (no helmet)
rElec    .         Harm     .   (no cloak)
rCorr    .         Rampage  .   (no gloves)
Will     .....                  (no boots)
Stlth    ++........             (no amulet)
HPRegen  0.06/turn              (no ring)
MPRegen  0.12/turn              (no ring)

@: lethally poisoned (-2 -> -8), very slightly contaminated
A: no striking features
a: no special abilities


You were on level 2 of the Dungeon.
You visited 1 branch of the dungeon, and saw 2 of its levels.

You collected 96 gold pieces.

Inventory:

Hand Weapons
 b - a +0 short sword of holy wrath (weapon)
Missiles
 g - 2 throwing nets
Armour
 a - a +0 robe (worn)
Scrolls
 c - a scroll of amnesia {unknown}
 e - 2 scrolls of identify {unknown}
 h - 2 scrolls of noise {unknown}
Potions
 d - a potion of degeneration {unknown}
 f - a potion of curing {unknown}


   Skills:
 + Level 3.0 Dodging
 + Level 2.4 Stealth
 + Level 3.5 Spellcasting
 * Level 1.3 Conjurations
 * Level 3.9 Fire Magic


You had 4 spell levels left.
You knew the following spells:

 Your Spells              Type           Power      Damage    Failure   Level
a - Foxfire               Conj/Fire      56%        2x1d6     4%          1
b - Shock                 Conj/Air       24%        1d4       11%         1
c - Inner Flame           Hex/Fire       11%        N/A       19%         3

Your spell library contained the following spells:

 Spells                   Type           Power      Damage    Failure   Level
 Conjure Flame            Conj/Fire      14%        6-21      14%         3
 Swiftness                Air            3%         N/A       38%         3
 Sticky Flame             Conj/Fire      14%        2d4       41%         4
 Airstrike                Air            1%         N/A       80%         4
 Fireball                 Conj/Fire      7%         3d5       77%         5
 Iskenderun's Battlesphe  Conj           8%         2d6       91%         5
 Conjure Ball Lightning   Conj/Air       3%         3x3d6     100%        6
 Orb of Destruction       Conj           4%         9d2       100%        7


Dungeon Overview and Level Annotations

Branches:
Dungeon (2/15)

Altars:


Message History

Press: ? - help, Shift-Dir - straight line, f/p - adder
Aim: an adder (heavily wounded, 43% to hit)
The zap misses the adder.
You feel sick. The adder bites you but does no damage.
Casting: Shock (safe; 11% risk of failure)
Confirm with . or Enter, or press ? or * to list all spells.
Aiming: Shock (safe; 11% risk of failure)
Press: ? - help, Shift-Dir - straight line, f/p - adder
Aim: an adder (heavily wounded, 43% to hit)
You miscast Shock.
You are very lightly contaminated with residual magic.
Nothing appears to happen.
You feel sick. The adder closely misses you.
Casting: Shock (safe; 11% risk of failure)
Confirm with . or Enter, or press ? or * to list all spells.
Aiming: Shock (safe; 11% risk of failure)
Press: ? - help, Shift-Dir - straight line, f/p - adder
Aim: an adder (heavily wounded, 43% to hit)
The zap hits the adder.
The adder is heavily wounded.
You feel sick. The adder misses you. The adder bites you but does no damage.
Casting: Shock (safe; 11% risk of failure)
Confirm with . or Enter, or press ? or * to list all spells.
Aiming: Shock (safe; 11% risk of failure)
Press: ? - help, Shift-Dir - straight line, f/p - adder
Aim: an adder (heavily wounded, 43% to hit)
The zap misses the adder.
You feel sick. The adder bites you.
You are lethally poisoned!
The adder poisons you!
Casting: Shock (safe; 11% risk of failure)
Confirm with . or Enter, or press ? or * to list all spells.
Aiming: Shock (safe; 11% risk of failure)
Press: ? - help, Shift-Dir - straight line, f/p - adder
Aim: an adder (heavily wounded, 43% to hit)
The zap hits the adder.
The adder is heavily wounded.
You feel sick. The adder bites you.
* * * LOW HITPOINT WARNING * * *
* * * LOW HITPOINT WARNING * * *
You feel sick. The adder bites you.
You die...

######### #.......#
#.#####.####### #.#
##........
########.####...######
#................#
#(######.####...## #.#
#.# ##.## #.#
#.#####@# #.#
####......S#
#.###.########'#
##.##.#.## ...
#....###.## .....
#.#....##.# .......
##......#.##.........
...........+.........+
###.#...####.........#


You could see an adder.

Vanquished Creatures
  3 dart slugs (D:1)
  2 bats (D:1)
  An endoplasm (D:1)
  2 giant cockroaches
  2 goblins
  3 hobgoblins (D:1)
  A quokka (D:1)
  2 ball pythons (D:1)
  A frilled lizard (D:1)
  A kobold (D:1)
  3 rats (D:1)
21 creatures vanquished.

Vanquished Creatures (others)
  48 foxfires
48 creatures vanquished.

Grand Total: 69 creatures vanquished

Notes
Turn   | Place    | Note
-------+----------+-------------------------------------------
     0 | D:1      | horus123 the Deep Elf Fire Elementalist began the quest for
                  | the Orb.
     0 | D:1      | Reached XP level 1. HP: 10/10 MP: 6/6
   154 | D:1      | Reached XP level 2. HP: 15/15 MP: 5/8
   564 | D:1      | Learned a level 1 spell: Shock
  1096 | D:2      | Reached XP level 3. HP: 19/19 MP: 8/10
  1100 | D:2      | Learned a level 3 spell: Inner Flame
  1231 | D:2      | Slain by an adder

Illustrated notes

Levels and vault maps discovered:
D:1:      sevenhm_arrival_forest_fort_small_4, layout_basic
D:2:      layout_loops_corners, basic_altar

Skill      XL: |  1  2 |
---------------+-------+-----
Dodging        | 3 |  3.0
Stealth        | |  2.4
Spellcasting   | |  3.5
Conjurations   | |  1.3
Fire Magic     | |  3.9

Action                   || total
-------------------------++-------
 Cast: Foxfire           ||    30
       Shock             ||    18
Armor: Robe              ||     3
Dodge: Dodged            ||    12
